 Dungeon Crawl Stone Soup version 0.30-a0-859-gf88a04b62d (webtiles) character file.

Game seed: 13194850763093857060

44 M4edhros the Trooper (level 3, -1/16 (26) HPs)
             Began as an Octopode Chaos Knight on Mar 6, 2023.
             Was a Plaything of Xom.
             Slain by a goblin
             ... wielding a +0 club
              (3 damage)
             ... on level 2 of the Dungeon.
             The game lasted 00:00:50 (5021 turns).

M4edhros the Trooper (Octopode Chaos Knight)        Turns: 5021, Time: 00:00:50

HP:   -1/16 (26)    AC:  1    Str:  8 (11) XL:     3   Next: 60%
MP:   2/2           EV: 13    Int: 12 (14) God:    Xom [*.....]
Gold: 33            SH:  0    Dex: 11      Spells: 2/2 levels left

rFire   . . .      SeeInvis .    c - +4 short sword (chaos)
rCold   . . .      Faith    .    (no shield)
rNeg    . . .      Spirit   .    (helmet restricted)
rPois   .          Reflect  .    (no amulet)
rElec   .          Rampage  .    (no ring)
rCorr   .                        (no ring)
Will    .....                    (no ring)
Stlth   +++                      (no ring)
HPRegen 0.22/turn                (no ring)
MPRegen 0.08/turn                (no ring)
                                 (no ring)
                                 (no ring)

@: very heavily drained
A: almost no armour, amphibious, 8 rings, camouflage 1, gelatinous body 1,
(nimble swimmer 1), tentacles, clumsy 1, deterioration 1, low MP 1, screaming 1
a: Renounce Religion


You were on level 2 of the Dungeon.
You worshipped Xom.
You were a special plaything of Xom.
You visited 1 branch of the dungeon, and saw 2 of its levels.

You collected 33 gold pieces.

Inventory:

Hand Weapons
 a - a +0 mace of chaos
 c - a +4 short sword of chaos (weapon)
Scrolls
 d - 2 scrolls of immolation {unknown}
Potions
 e - a potion of berserk rage {unknown}
Miscellaneous
 b - a piece from Xom's chessboard (15/15) (quivered)


   Skills:
 + Level 3.6 Fighting
 + Level 0.5 Short Blades
 - Level 3.0 Maces & Flails
 + Level 3.1 Dodging
 * Level 1.5 Stealth


You had 2 spell levels left.
You didn't know any spells.
Your spell library was empty.

Dungeon Overview and Level Annotations

Branches:
Dungeon (2/15)

Altars:

Shops:
D:1 :


Innate Abilities, Weirdness & Mutations

You cannot wear most types of armour.
You are amphibious.
You can wear up to eight rings at the same time.
Your skin changes colour to match your surroundings (Stealth+).
Your rubbery body absorbs attacks. (AC +1, EV +1)
((You are camouflaged when in or above water. (Stealth+)))
You have tentacles for arms and can constrict up to eight enemies at once.
You are clumsy. (Dex -2)
Your body sometimes deteriorates upon taking damage.
Your magical capacity is low. (-10% MP)
You occasionally shout uncontrollably at your foes.


Message History

You hit the bat zombie. You burn the bat zombie.
You destroy the bat zombie!
The jackal completely misses you.
You closely miss the jackal. Your grab misses the jackal.
Your tentacle-slap misses the jackal.
The jackal barely misses you.
The jackal bites you but does no damage.
Unknown command.
You hit the jackal. You burn the jackal.
You kill the jackal!
Unknown command.
You hit the ball python. You grab the ball python.
The ball python is heavily wounded.
You constrict the ball python, but do no damage.
The adder bites you. The ball python bites you.
Your body deteriorates!
You feel dopey. The ball python misses you. The adder closely misses you.
You are too injured to fight recklessly!
Unknown command.
You are too injured to fight recklessly!
Unknown command.
You are too injured to fight recklessly!
Unknown command.
You hit the ball python. You burn the ball python.
You kill the ball python!
The adder closely misses you.
You are too injured to fight recklessly!
Unknown command.
You hit the adder. You burn the adder. Your grab misses the adder.
Your squeeze misses the adder.
The adder is lightly wounded.
The goblin hits you with a +0 club.
* * * LOW HITPOINT WARNING * * *
The adder bites you.
* * * LOW HITPOINT WARNING * * *
You hit the adder. Your grab misses the adder. Your squeeze misses the adder.
The adder is heavily wounded.
The adder bites you.
* * * LOW HITPOINT WARNING * * *
The goblin hits you with a +0 club.
You die...

## .# .# . .# .#
.# P .. .# .~.#.
#####†######
~~..(.#...<...?.).
#..@...†......
#.S#g.#.######
#.#....#.#
..........#
#..#####.#.. #.
#.#### #.. ###


You could see an adder and a goblin.

Vanquished Creatures
  4 dart slugs (D:1)
  A ball python (D:2)
  2 bats
  A bat zombie (D:2)
  2 endoplasms (D:1)
  A giant cockroach (D:1)
  2 goblins (D:1)
  3 hobgoblins
  5 jackals (D:2)
  2 kobolds (D:1)
  4 quokkas (D:1)
  2 frilled lizards (D:1)
  2 rats (D:1)
31 creatures vanquished.

Notes
Turn   | Place    | Note
-------+----------+-------------------------------------------
     0 | D:1      | M4edhros the Octopode Chaos Knight began the quest for the
                  | Orb.
     0 | D:1      | Reached XP level 1. HP: 16/16 MP: 1/1
    58 | D:1      | Found Esuwan's Book Boutique.
   173 | D:1      | XOM: smoke on damage
   179 | D:1      | Reached XP level 2. HP: 14/21 MP: 2/2
   289 | D:1      | XOM: chaos upgrade
   293 | D:1      | XOM: butterfly on damage
   389 | D:1      | Reached XP level 3. HP: 24/26 MP: 3/3
   900 | D:1      | XOM: draining
   951 | D:1      | Reached skill level 1 in Stealth
  1250 | D:1      | XOM: give mutations
  1250 | D:1      | Gained mutation: Your muscles are strong. (Str +4, Int/Dex
                  | -1) [Xom's mischief]
  1250 | D:1      | Gained mutation: You do not regenerate when monsters are
                  | visible. [Xom's mischief]
  1250 | D:1      | Lost mutation: You do not regenerate when monsters are
                  | visible. [Xom's mischief]
  1880 | D:1      | XOM: give mutations
  1880 | D:1      | Lost mutation: Your muscles are strong. (Str +4, Int/Dex
                  | -1) [Xom's mischief]
  1880 | D:1      | Gained mutation: You occasionally shout uncontrollably at
                  | your foes. [Xom's mischief]
  2331 | D:1      | XOM: draining
  2669 | D:1      | XOM: give mutations
  2669 | D:1      | Gained mutation: Your magical capacity is low. (-10% MP)
                  | [Xom's mischief]
  2669 | D:1      | Gained mutation: Your body sometimes deteriorates upon
                  | taking damage. [Xom's mischief]
  2669 | D:1      | Gained mutation: You occasionally lose the ability to drink
                  | potions when taking damage. [Xom's mischief]
  2700 | D:1      | XOM is BORED!
  2700 | D:1      | XOM: stat loss: -1 Int (13/14)
  3397 | D:1      | XOM: stat loss: -1 Str (10/11)
  3782 | D:1      | XOM is BORED!
  3782 | D:1      | XOM: give mutations
  3782 | D:1      | Gained mutation: You are clumsy. (Dex -2) [Xom's mischief]
  3782 | D:1      | Lost mutation: Your body sometimes deteriorates upon taking
                  | damage. [Xom's mischief]
  3782 | D:1      | Lost mutation: You occasionally lose the ability to drink
                  | potions when taking damage. [Xom's mischief]
  3782 | D:1      | Gained mutation: Your body sometimes deteriorates upon
                  | taking damage. [Xom's mischief]
  4581 | D:1      | XOM: scenery: summon butterflies
  4608 | D:1      | XOM: stat loss: -1 Str (9/11)
  4993 | D:1      | Glimpsed the power of Zot.
  5021 | D:2      | Slain by a goblin

Illustrated notes

Levels and vault maps discovered:
D:1:      dpeg_arrival_chambers_temple_mockup, layout_loops_ring, serial_shops,
          shop
D:2:      layout_loops_ring, serial_undead, serial_undead_a, serial_undead_f,
          serial_undead_f, serial_undead_b, uniq_crazy_yiuf_cottage

Skill      XL: |  1  2  3 |
---------------+----------+-----
Dodging        | 3 |  3.1
Stealth        | 1 |  1.5
Fighting       | |  3.6
Short Blades   | |  0.5
Maces & Flails | |  3.0

Action                     || total
---------------------------++-------
  Melee: Mace              ||    28
         Constrict         ||    19
         Tentacles         ||    13
         Short sword       ||    36
         Punch             ||     1
   Stab: Sleeping          ||     3
 Armour: Skin              ||     6
  Dodge: Dodged            ||    44

Table legend: (Time is in decaauts)
 A = Elapsed time spent in this place.
 B = Non-inter-level travel time spent in this place.
 C = Inter-level travel time spent in this place.
 D = Time resting spent in this place.
 E = Time spent auto-exploring this place.
 F = Levels seen in this place.
 G = Mean time per level.
                   A        B        C        D        E       F      G
               +--------+--------+--------+--------+--------+-----+--------+
         Total |   5027 |   4982 |     45 |   3990 |    823 |   2 | 2513.5 |
       Dungeon |   5027 |   4982 |     45 |   3990 |    823 |   2 | 2513.5 |
               +--------+--------+--------+--------+--------+-----+--------+

Top non-repeatable levels by time:
     D:1: 5001 daAuts
     D:2: 25 daAuts
